Map: Crête de Lerilak

Players

Hurricane - Winner!

  • Race: Terran Terran
  • League: Diamond

Worming

  • Race: Zerg Zerg
  • League: Diamond

VOD

Have the link to the VOD?

Description

Time

  • Played on: Dec. 19, 2015, 7:49 a.m.
  • Length: 8:51
Show
View Real Time Build Order
Export as new Build Order

Hurricane Terran - Winner!

Build Orders: Reaper Expand, Hellion Banshee, MMM Bio 

Get SALT Encoding   

  12  0:01  SCV  
  13  0:13  SCV  
  14  0:17  Supply Depot  
  14  0:25  SCV  
  15  0:39  SCV  
  15  0:41  Barracks  
  16  0:49  Refinery  
  16  0:51  SCV  
  17  1:03  SCV  
  18  1:15  SCV  
  19  1:29  Orbital Command  
  19  1:33  Reaper  
  20  1:42  Command Center  
  20  1:53  Supply Depot  
  20  1:55  SCV  
  21  2:01  Refinery  
  21  2:07  SCV  
  22  2:10  Barracks Reactor  
  22  2:19  SCV  
  23  2:28  Factory  
  23  2:31  SCV  
  24  2:47  Marine x2, SCV  
  27  2:58  Orbital Command  
  27  2:59  SCV  
  28  3:06  Supply Depot, Marine  
  28  3:07  Marine  
  28  3:11  SCV  
  28  3:12  Starport, Factory Tech Lab  
  31  3:18  Bunker  
  31  3:23  SCV  
  32  3:31  Marine x2  
  34  3:35  SCV x2  
  36  3:47  SCV x2  
  37  3:48  Supply Depot  
  37  3:56  Cloaking Field  
  37  3:57  Banshee  
  37  3:59  SCV x2  
  37  4:00  Barracks Tech Lab  
  42  4:05  Hellion x2  
  46  4:11  SCV x2  
  46  4:13  Supply Depot  
  48  4:21  Stimpack  
  48  4:23  SCV  
  48  4:24  SCV  
  50  4:26  Hellion x2, Marine  
  55  4:35  SCV  
  55  4:36  SCV  
  57  4:40  Banshee  
  60  4:49  Hellion x2  
  60  4:51  Command Center  
  64  4:55  SCV  
  65  5:01  Refinery  
  65  5:03  Engineering Bay  
  65  5:12  SCV x2  
  67  5:17  Barracks  
  67  5:23  Barracks  
  67  5:27  Factory Tech Lab  
  67  5:34  Marauder  
  69  5:37  Terran Infantry Weapons Level 1  
  69  5:39  Barracks  
  69  5:40  SCV  
  69  5:41  Engineering Bay  
  69  5:42  Starport Reactor  
  70  5:44  Barracks  
  70  5:48  Supply Depot  
  70  5:49  Supply Depot  
  70  5:52  SCV x2  
  72  6:00  Marauder  
  74  6:04  Orbital Command  
  74  6:07  Siege Tank  
  77  6:11  Terran Infantry Armor Level 1  
  77  6:19  Refinery  
  74  6:29  Barracks Reactor, Marauder  
  74  6:30  Marauder  
  73  6:35  Marine x2  
  73  6:46  Armory  
  73  6:48  Barracks Reactor  
  73  6:51  Marine x2  
  73  6:53  Medivac x2, Siege Tank  
  78  7:02  Combat Shields  
  78  7:03  Orbital Command  
  78  7:04  Concussive Shells  
  78  7:06  Marine x4  
  82  7:09  Marauder, Marine  
  85  7:21  SCV x2  
  87  7:23  Marine  
  87  7:25  Marine x4  
  87  7:27  Medivac x2  
  96  7:33  SCV x2  
  96  7:35  SCV  
  99  7:44  Marauder x2, Marine x4  
  103  7:45  SCV  
  105  7:57  Siege Tank  
  105  7:58  Marine  
  108  8:01  Supply Depot  
  108  8:02  Supply Depot  
  108  8:04  Medivac, Marine x2  
  108  8:05  Supply Depot, Marauder  
  115  8:08  Refinery, SCV x2  
  115  8:10  Refinery  
  117  8:23  SCV x2  
  117  8:27  Marauder x2, Marine x6  
Show
View Real Time Build Order
Export as new Build Order

Worming Zerg 

Build Orders: Hatch First 

Get SALT Encoding   

  12  0:04  Drone  
  13  0:13  Overlord  
  13  0:17  Drone  
  14  0:31  Drone  
  14  0:32  Drone  
  16  0:37  Drone  
  17  0:55  Drone, Hatchery  
  17  1:00  Extractor  
  17  1:04  Drone  
  17  1:14  Spawning Pool  
  17  1:17  Drone  
  17  1:20  Drone  
  18  1:31  Drone  
  19  1:41  Overlord  
  19  1:57  Drone  
  20  2:09  Metabolic Boost  
  20  2:10  Queen  
  20  2:11  Zergling x4  
  20  2:12  Queen  
  26  2:20  Drone  
  26  2:21  Drone  
  28  2:26  Drone  
  28  2:29  Drone  
  30  2:42  Zergling x2  
  31  2:49  Extractor  
  29  2:51  Queen  
  29  2:55  Overlord  
  29  2:56  Drone x3  
  35  3:07  Overlord  
  35  3:15  Drone x2  
  35  3:18  Drone  
  38  3:25  Drone x4  
  38  3:26  Drone x2  
  44  3:37  Drone x2  
  46  3:46  Drone x2  
  48  3:51  Hatchery  
  48  3:54  Extractor x2  
  45  3:55  Roach Warren  
  42  4:11  Drone x6  
  42  4:14  Evolution Chamber x2  
  46  4:32  Lair  
  46  4:37  Roach x2  
  50  4:39  Zergling x2  
  50  4:40  Overlord x3  
  50  4:41  Zerg Melee Weapons Level 1  
  51  4:50  Zerg Ground Armor Level 1  
  51  4:54  Overlord  
  51  4:59  Baneling Nest  
  46  5:22  Spore Crawler  
  46  5:23  Spore Crawler  
  46  5:26  Spore Crawler  
  38  5:36  Spore Crawler  
  38  5:37  Zergling x4  
  38  5:38  Zergling x22  
  46  5:55  Drone  
  46  5:57  Drone x2  
  49  6:08  Overseer  
  49  6:10  Queen  
  51  6:11  Drone x8  
  51  6:15  Spore Crawler  
  57  6:31  Drone  
  56  6:33  Queen  
  56  6:36  Drone x8  
  66  6:42  Centrifical Hooks  
  64  7:03  Drone  
  64  7:05  Infestation Pit  
  64  7:06  Extractor  
  63  7:15  Drone x8  
  71  7:26  Drone  
  71  7:27  Drone x2  
  74  7:30  Drone x3, Extractor  
  74  7:31  Drone  
  74  7:32  Drone x2, Extractor  
  74  7:33  Drone  
  74  7:35  Drone  
  80  7:41  Pathogen Glands  
  73  7:53  Roach x3  
  73  7:54  Zergling x2, Roach  
  73  7:55  Zergling x2  
  82  8:08  Overlord  
  82  8:09  Overlord  
  82  8:27  Drone  
  82  8:33  Baneling  
  82  8:34  Baneling x5  
  82  8:35  Ravager x6  
Tags
 
Add a new tag
Caveats
  • Supply blocks, unpowered buildings, or Contaminate may cause inaccurate times.
  • Supply counts are checked every 10 seconds.